 Dungeon Crawl Stone Soup version 0.15.0-14-g6bbbb5c (webtiles) character file.

2248 MDvedh the Basher (level 9, -6/48 HPs)
             Began as a Gargoyle Gladiator on Sept 4, 2014.
             Was a Believer of Okawaru.
             Mangled by an unseen horror (8 damage)
             ... on Level 8 of the Dungeon.
             The game lasted 00:20:32 (7638 turns).

MDvedh the Basher (Gargoyle Gladiator)              Turns: 7638, Time: 00:20:33

HP  -6/48        AC 15     Str 20      XL: 9   Next: 37%
MP   9/9         EV 15     Int  8      God: Okawaru [**....]
Gold 208         SH  0     Dex 18      Spells:  0 memorised,  8 levels left

rFire  . . .     SeeInvis +     K - +4 whip (holy)
rCold  . . .     Clarity  .     n - +0 ring mail
rNeg   + . .     rCorr    +     (no shield)
rPois  +         rRot     +     c - +0 helmet
rElec  +         Spirit   .     (no cloak)
SustAb .         Warding  .     m - +2 pair of gloves
rMut   .         Stasis   .     j - +0 pair of boots
Gourm  .                        B - amulet of resist corrosion
MR     +....                    u - ring of see invisible
                                l - ring of protection from magic

@: agile, somewhat resistant to hostile enchantments, unstealthy
A: negative energy resistance 1, electricity resistance, unbreathing,
petrification resistance, rot immunity, AC +5
a: Heroism, Renounce Religion


You were on level 8 of the Dungeon.
You worshipped Okawaru.
Okawaru was pleased with you.
You were not hungry.

You visited 2 branches of the dungeon, and saw 9 of its levels.

You collected 430 gold pieces.
You spent 222 gold pieces at shops.

Inventory:

Hand weapons
 a - a +0 flail
 K - a +4 whip of holy wrath (weapon)
Missiles
 d - 3 throwing nets (quivered)
Armour
 c - a +0 helmet (worn)
 j - a +0 pair of boots (worn)
 m - a +2 pair of gloves (worn)
 n - a +0 ring mail (worn)
Magical devices
 y - a wand of disintegration (1)
Comestibles
 f - 2 meat rations
 r - 3 slices of pizza
 A - 3 bread rations
 D - a beef jerky
Scrolls
 b - 2 scrolls of teleportation
 k - 3 scrolls of remove curse
 o - a scroll of immolation
 v - a scroll of noise
 x - 2 scrolls of fear
Jewellery
 l - a ring of protection from magic (left hand)
 t - a +1 ring of slaying
 u - a ring of see invisible (right hand)
 B - an amulet of resist corrosion (around neck)
Potions
 e - 2 potions of agility
 p - a potion of flight
 q - 2 potions of restore abilities {unknown}
 s - 3 potions of brilliance
 w - a potion of porridge
 z - a potion of might {unknown}
 C - a potion of decay {unknown}
 F - a potion of haste {unknown}


   Skills:
 - Level 2.1 Fighting
 + Level 12.2 Maces & Flails
 - Level 2.0 Throwing
 - Level 2.4 Dodging


You had 8 spell levels left.
You didn't know any spells.

Dungeon Overview and Level Annotations

Branches:
Dungeon (8/15)             Temple (1/1) D:4
   Lair: D:8-11

Altars:
Ashenzari
Dithmenos
Elyvilon
Fedhas
Kikubaaqudgha
Makhleb
Nemelex Xobeh
Okawaru
Qazlal
Sif Muna
Trog
Vehumet
Xom
Yredelemnul
Zin
The Shining One

Shops:
D:4 ?=


Innate Abilities, Weirdness & Mutations

You are resistant to torment.
You are immune to poison.
Your stone body is very resilient (AC +5).
You resist negative energy.
You are resistant to electric shocks.
You can survive without breathing.
You are immune to petrification.
You are immune to rotting.


Message History

Your ring mail prevents you from hitting the unseen horror.
The unseen horror is severely wounded.
The unseen horror barely misses you.
You hit the unseen horror.
The unseen horror is severely wounded.
The unseen horror hits you but does no damage.
The unseen horror misses you.
You whack the unseen horror!
The unseen horror is almost dead.
You barely miss the unseen horror.
The unseen horror is almost dead.
The unseen horror hits you but does no damage.
The unseen horror hits you but does no damage.
You closely miss the unseen horror.
The unseen horror is almost dead.
The unseen horror hits you but does no damage.
You hit the unseen horror.
The unseen horror is almost dead.
The unseen horror hits you!
You die...

## ### #.# #.### ## #..##...#
#. #...#.## .## #...##.# #.#
##.###.# #.#######.## #.##
#....x@...# ##.# ## #..######.#
#.## ##. #...## #.## #..####..
##....####..# ##........
##..##.......###.........
..##.##..###...................
#.........#
#..#........#####...
#.........#........##..# ##..
#..#####...........###.# #..


You could see an unseen horror (invisible).

Vanquished Creatures
  3 phantoms
  4 ogres
  A necrophage (D:7)
  2 centaurs
  2 giant frogs
  3 scorpions
  6 killer bees (D:7)
  A centaur zombie (D:7)
  A crimson imp (D:7)
  An orc priest (D:3)
  3 hounds
  2 worker ants (D:6)
  2 gnoll shamans
  4 orc wizards
  An iguana (D:7)
  2 hound skeletons
  18 gnolls
  A shadow imp (D:5)
  4 adders
  3 giant mites
  An inept item mimic (D:2)
  A goliath beetle zombie (D:5)
  2 worms
  An iguana skeleton (D:3)
  3 giant geckos
  15 orcs
  3 giant cockroaches
  8 hobgoblins
  12 jackals
  2 ball pythons
  10 bats
  A giant gecko skeleton (D:4)
  3 giant newts (D:1)
  13 goblins
  16 kobolds
  A kobold skeleton (D:7)
  An orc skeleton (D:2)
  4 quokkas
  7 rats
  A rat skeleton (D:4)
169 creatures vanquished.

Notes
Turn   | Place    | Note
--------------------------------------------------------------
     0 | D:1      | MDvedh, the Gargoyle Gladiator, began the quest for the Orb.
     0 | D:1      | Reached XP level 1. HP: 12/12 MP: 1/1
   119 | D:1      | Reached XP level 2. HP: 14/17 MP: 2/2
   511 | D:1      | Reached skill level 4 in Maces & Flails
   580 | D:1      | Reached XP level 3. HP: 21/21 MP: 3/3
  1557 | D:2      | Reached XP level 4. HP: 26/26 MP: 4/4
  1658 | D:2      | Reached skill level 5 in Maces & Flails
  2003 | D:2      | Found a bloodstained altar of Trog.
  2383 | D:3      | Reached XP level 5. HP: 28/30 MP: 5/5
  2397 | D:3      | Found a white marble altar of Elyvilon.
  2397 | D:3      | Noticed an angel
  2573 | D:3      | Reached skill level 6 in Maces & Flails
  2866 | D:3      | Reached XP level 6. HP: 30/35 MP: 6/6
  3100 | D:4      | Reached skill level 7 in Maces & Flails
  3313 | D:4      | Found a staircase to the Ecumenical Temple.
  3329 | Temple   | Entered the Ecumenical Temple
  3387 | Temple   | Became a worshipper of Warmaster Okawaru
  3672 | D:4      | Found Emal's Jewellery Shoppe.
  3680 | D:4      | Bought a +1 ring of slaying for 60 gold pieces
  3680 | D:4      | Bought an uncursed ring of see invisible for 150 gold pieces
  3708 | D:4      | Found Wun Omidgh's Magic Scroll Emporium.
  3713 | D:4      | Bought a scroll of noise for 12 gold pieces
  3824 | D:4      | Reached XP level 7. HP: 40/40 MP: 7/7
  4086 | D:5      | Entered Level 5 of the Dungeon
  4352 | D:5      | Reached skill level 8 in Maces & Flails
  5317 | D:5      | Reached skill level 9 in Maces & Flails
  5548 | D:6      | Acquired Okawaru's first power
  5548 | D:6      | Reached XP level 8. HP: 40/44 MP: 8/8
  5753 | D:6      | Found a deep blue altar of Sif Muna.
  5753 | D:6      | Found a glowing silver altar of Zin.
  5800 | D:6      | Reached skill level 10 in Maces & Flails
  5978 | D:6      | Found a glowing golden altar of the Shining One.
  6531 | D:7      | Reached skill level 11 in Maces & Flails
  6629 | D:7      | Reached XP level 9. HP: 30/48 MP: 9/9
  7041 | D:7      | Reached skill level 12 in Maces & Flails
  7607 | D:8      | Noticed an unseen horror
  7628 | D:8      | HP: 1/48 [unseen horror (6)]
  7638 | D:8      | Mangled by an unseen horror

Action                   |  1- 3 |  4- 6 |  7- 9 || total
-------------------------+-------+-------+-------++-------
Melee: Flail             |   124 |   217 |   238 ||   579
       Whip              |       |       |    80 ||    80
Invok: Heroism           |       |       |     2 ||     2
Evoke: Wand              |       |     1 |     8 ||     9
  Use: Scroll            |     1 |     9 |     8 ||    18
       Potion            |       |       |     6 ||     6
  Eat: Chunk             |     2 |     3 |     8 ||    13
       Bread ration      |       |     1 |       ||     1
       Beef jerky        |       |       |     2 ||     2
       Meat ration       |       |       |     1 ||     1
